 Dungeon Sprint DCSS version bcrawl-1.36.4 (webtiles) character file.

Game seed: 2045715307339244330

1190913 DungeonMaster the Warrior (level 10, -1/99 HPs)
             Began as a Demonspawn Archaeologist on Aug 14, 2022.
             Was an Initiate of Gozag.
             Slain by a sixfirhy (12 damage)
             ... summoned by a kobold demonologist
             ... in the Dungeon (Sprint I: "Red Sonja").
             The game lasted 00:16:43 (1580 turns).

DungeonMaster the Warrior (DsAc)                    Turns: 1580, Time: 00:16:44

Health: -1/99      AC: -6    Str: 15    XL:     10   Next: 52%
Magic:  19/19      EV:  6    Int: 24    God:    Gozag
Gold:   35         SH: 10    Dex: 18    Spells: 9/9 levels left

rFire    . . .     SeeInvis .   s - +1 dagger (venom)
rCold    . . .     Gourm    .   l - +3 buckler {reflect}
rNeg     . . .     Faith    .   b - +1 plate armour of Fuzzy Leaves {Regen+ MP+9 Int+9 Stlth-}
rPois    .         Spirit   .   d - +1 hat
rElec    .         Reflect  +   (no cloak)
rCorr    .         NoTele   +   t - +2 pair of gloves
MR       .....                  r - +2 pair of boots {Fly}
Stlth    ..........             (no amulet)
HPRegen  0.66/turn              (no ring)
MPRegen  0.16/turn              (no ring)

@: corroded, gold aura, flying
A: hooves 1, flexible skeleton 2, rot immunity
a: Potion Petition, Call Merchant, Bribe Branch, Renounce Religion, Stop Flying


You were in the Dungeon.
You worshipped Gozag.
Gozag was noncommittal.
You were not hungry.

You visited 1 branch You collected 2277 gold pieces.
You spent 1905 gold pieces at shops.
You paid 337 gold pieces to Gozag.

Inventory:

Hand Weapons
 a - the +9 whip "Sioghoucli" {slash, rC+}
   (You bought it in a shop in the Dungeon)

   It will always inflict at least some extra damage.
   This minimum extra damage increases with your current reserve of magical
   power.
   It protects you from cold.
 q - a +0 hunting sling
 s - a +1 dagger of venom (weapon)
 w - a +0 blowgun
Missiles
 c - 117 poisoned needles
 g - 7 curare-tipped needles
 p - 264 sling bullets
Armour
 b - the +1 plate armour of Fuzzy Leaves (worn) {Regen+ MP+9 Int+9 Stlth-}
   (You acquired it in the Dungeon)

   It affects your intelligence (+9).
   It affects your magic capacity (+9).
   It increases your rate of regeneration.
   It makes you less stealthy.
 d - a +1 hat (worn)
 l - a +3 buckler of reflection (worn)
 r - a +2 pair of boots of flying (worn)
 t - a +2 pair of gloves (worn)
 y - a +1 pair of boots of running
Scrolls
 f - 2 scrolls of remove curse
 h - a scroll of amnesia
 i - a scroll of immolation
 o - a scroll of blinking
 v - a scroll of enchant armour
 C - a scroll of fear
 D - 2 scrolls of fog
Potions
 j - 3 potions of curing
 k - a potion of heal wounds
 m - 2 potions of magic
 n - a potion of berserk rage
 u - a potion of cancellation
 x - a potion of resistance
 z - a potion of brilliance
 A - a potion of mutation
 B - a potion of agility
Comestibles
 e - 4 rations {!d}


   Skills:
 - Level 16.7 Fighting
 - Level 0.8 Maces & Flails
 - Level 14.1 Armour
 - Level 2.6 Dodging
 - Level 3.0 Stealth
 + Level 8.1 Shields


You had 9 spell levels left.
You didn't know any spells.
Your spell library was empty.

Dungeon Overview and Level Annotations

Branches:
Dungeon (1/1)

Altars:
Cheibriados
Dithmenos
Elyvilon
Fedhas
Gozag
Hepliaklqana
Kikubaaqudgha
Lugonu
Makhleb
Nemelex Xobeh
Okawaru
Qazlal
Ru
Sif Muna
Trog
Uskayaw
Vehumet
Wu Jian
Xom
Yredelemnul
Zin
The Shining One
Jiyva

Shops:
D !::[[:[([=?*}[(?[%


Innate Abilities, Weirdness & Mutations

You have large cloven feet.
Your skeleton is quite flexible. (Dex +6)
You are immune to rotting.


Message History

The kobold demonologist is almost dead.
You kill the kobold demonologist!
The rust devil disappears in a puff of smoke!
The chaos spawn degenerates into a cloud of primal chaos!
The ufetubus blinks!
The kobold demonologist gestures wildly while chanting.
You block the iron imp's attack.
Your Shields skill increases to level 8!
You hit the kobold demonologist but do no damage.
The kobold demonologist looks more poisoned.
The kobold demonologist is severely wounded.
The sixfirhy hits you! The sixfirhy shocks you! The sixfirhy hits you.
* * * LOW HITPOINT WARNING * * *
The sixfirhy shocks you!
* * * LOW HITPOINT WARNING * * *
The sixfirhy hits you!
* * * LOW HITPOINT WARNING * * *
The sixfirhy shocks you!
You die...
Your body crumbles into a pile of gold.

#####################************
)'..#..'..#__#.§@K§.#,$*,$$,+,,,,
.#).').#[.'^.'.5#34.#*+*$****,,,,
###'#####'#__####55.+,,*$*,***,,,
##..#...#.####§§#####,,+$*+*$***+
_####..##§#≈§≈§§#..#*+****,,$*,*,
____##'#_.§§§§.§§..#,,,,,*,,$***,
.∩∩..'..._#§§≈§§#..#,,,,,+,,$$$**
..__##_.#'##§#####'###,,,*,,,,,*,
____###'#.#)...###.'.#,,,***++**,


You could see an ice devil, a kobold demonologist, a sixfirhy, 2 iron imps and
an ufetubus.

Vanquished Creatures
  A shambling mangrove (D)
  A deep troll (D)
  2 centaur warriors (D)
  2 unseen horrors (D)
  A kobold demonologist (D)
  A hornet (D)
  A slime creature (D)
  Sigmund (D)
  A yak (D)
  A hog (D)
  2 redbacks (D)
  2 floating eyes (D)
  7 necrophages (D)
  An ogre (D)
  8 jellies (D)
  Ijyb (D)
  2 ballistomycetes (D)
35 creatures vanquished.

Vanquished Creatures (others)
  2 ballistomycete spores (D)
2 creatures vanquished.

Grand Total: 37 creatures vanquished

Notes
Turn   | Place    | Note
-------+----------+-------------------------------------------
     0 | D        | DungeonMaster the Demonspawn Archaeologist began the quest
                  | for the Orb.
     0 | D        | Reached XP level 1. HP: 15/15 MP: 1/1
     1 | D        | Noticed Ijyb
     8 | D        | Killed Ijyb
     9 | D        | Reached skill level 5 in Fighting
     9 | D        | Gained mutation: Your skeleton is somewhat flexible. (Dex
                  | +3) [demonic ancestry]
     9 | D        | Reached XP level 2. HP: 14/28 MP: 2/2
    91 | D        | Noticed an ogre
    96 | D        | Killed an ogre
    97 | D        | Reached skill level 9 in Fighting
    97 | D        | Gained mutation: You are immune to rotting. [demonic
                  | ancestry]
    97 | D        | Reached XP level 3. HP: 39/40 MP: 3/3
    97 | D        | Reached XP level 4. HP: 45/46 MP: 4/4
   111 | D        | Noticed Sigmund
   120 | D        | Killed Sigmund
   121 | D        | Reached skill level 12 in Fighting
   121 | D        | Reached XP level 5. HP: 48/58 MP: 5/5
   121 | D        | Gained mutation: Your skeleton is quite flexible. (Dex +6)
                  | [demonic ancestry]
   121 | D        | Reached XP level 6. HP: 54/65 MP: 6/6
   121 | D        | Identified a scroll of acquirement
   150 | D        | Found an ornate altar of the Wu Jian Council.
   150 | D        | Found a shimmering blue altar of Sif Muna.
   154 | D        | Identified the +1 plate armour of Fuzzy Leaves {Regen+ MP+9
                  | Int+9 Stlth-} (You acquired it in the Dungeon)
   203 | D        | Found a radiant altar of Vehumet.
   246 | D        | Found Neann's Book Emporium.
   246 | D        | Found an ancient bone altar of Kikubaaqudgha.
   246 | D        | Found a hazy altar of Hepliaklqana.
   246 | D        | Found a stormy altar of Qazlal.
   246 | D        | Found a hide-covered altar of Uskayaw.
   246 | D        | Found a blossoming altar of Fedhas.
   246 | D        | Found a bloodstained altar of Trog.
   246 | D        | Found an iron altar of Okawaru.
   246 | D        | Found a basalt altar of Yredelemnul.
   246 | D        | Found a glowing golden altar of the Shining One.
   246 | D        | Found a snail-covered altar of Cheibriados.
   246 | D        | Found a sacrificial altar of Ru.
   246 | D        | Found a glowing silver altar of Zin.
   246 | D        | Found a shadowy altar of Dithmenos.
   246 | D        | Found a white marble altar of Elyvilon.
   246 | D        | Noticed a yak
   256 | D        | Killed a yak
   257 | D        | Reached skill level 13 in Fighting
   257 | D        | Found an opulent altar of Gozag.
   273 | D        | Found a sparkling altar of Nemelex Xobeh.
   277 | D        | Became a worshipper of Gozag Ym Sagoz the Greedy
   283 | D        | Noticed Sonja
   284 | D        | Noticed Sonja
   284 | D        | Sonja changed into Sonja the hog
   290 | D        | Killed Sonja the hog
   291 | D        | Reached skill level 14 in Fighting
   291 | D        | Gained mutation: You have large cloven feet. [demonic
                  | ancestry]
   291 | D        | Reached XP level 7. HP: 75/75 MP: 7/7
   358 | D        | Noticed a deep troll
   376 | D        | Killed a deep troll
   377 | D        | Reached skill level 16 in Fighting
   377 | D        | Reached XP level 8. HP: 51/86 MP: 8/8
   409 | D        | Found Wasimoll's Armour Emporium.
   416 | D        | Bought a +2 buckler of reflection for 185 gold pieces
   416 | D        | Bought a +2 pair of boots of flying for 215 gold pieces
   427 | D        | Bought a +2 pair of gloves for 165 gold pieces
   457 | D        | Found Atsukh's Distillery.
   465 | D        | Bought a potion of resistance for 100 gold pieces
   465 | D        | Bought a potion of brilliance for 40 gold pieces
   465 | D        | Bought a potion of mutation for 80 gold pieces
   497 | D        | Noticed a centaur warrior
   497 | D        | Noticed a centaur warrior
   514 | D        | Killed a centaur warrior
   516 | D        | Killed a centaur warrior
   517 | D        | Reached XP level 9. HP: 30/92 MP: 9/9
   577 | D        | Reached skill level 10 in Armour
   589 | D        | Noticed an oklob plant
   627 | D        | Noticed a shambling mangrove
   627 | D        | an oklob plant changed into a shambling mangrove
   666 | D        | Killed a shambling mangrove
   841 | D        | Found a burning altar of Makhleb.
   841 | D        | Found a viscous altar of Jiyva.
   841 | D        | Found a shimmering altar of Xom.
   841 | D        | Found a corrupted altar of Lugonu.
   919 | D        | Paralysed by a floating eye for 2 turns
  1228 | D        | Killed an unseen horror
  1229 | D        | Reached XP level 10. HP: 69/99 MP: 10/10
  1241 | D        | Killed an unseen horror
  1300 | D        | Reached skill level 5 in Shields
  1386 | D        | Found Ceor's Weapon Boutique.
  1386 | D        | Found Suig Quh's Antique Armour Shoppe.
  1387 | D        | Found Jemmes Asozy's Magic Scroll Emporium.
  1387 | D        | Found Gupusiss's Book Boutique.
  1475 | D        | Found Uraug's Food Emporium.
  1494 | D        | Found Qajaedei's Antique Armour Shop.
  1497 | D        | Found Zanesch's Armour Emporium.
  1497 | D        | Found Baduurru's Weapon Shop.
  1497 | D        | Found Ufoll's Antique Armour Shoppe.
  1497 | D        | Found Betik's Jewellery Boutique.
  1497 | D        | Found Ecotoq's Magic Scroll Emporium.
  1497 | D        | Found Maaqus's General Store.
  1497 | D        | Found Juyffeda's Gadget Shoppe.
  1500 | D        | Found Michow's Armour Boutique.
  1505 | D        | Bought a scroll of fog for 26 gold pieces
  1505 | D        | Bought a scroll of fog for 26 gold pieces
  1505 | D        | Bought a scroll of fear for 65 gold pieces
  1505 | D        | Bought a scroll of enchant armour for 97 gold pieces
  1505 | D        | Bought a scroll of identify for 26 gold pieces
  1507 | D        | Bought a scroll of identify for 26 gold pieces
  1513 | D        | Bought the +9 whip "Sioghoucli" {slash, rC+} for 689 gold
                  | pieces
  1515 | D        | Bought a ration for 55 gold pieces
  1515 | D        | Bought a ration for 55 gold pieces
  1515 | D        | Bought a ration for 55 gold pieces
  1556 | D        | Paralysed by a floating eye for 3 turns
  1558 | D        | Noticed a rust devil
  1577 | D        | Noticed a sixfirhy
  1580 | D        | Slain by a sixfirhy

Skill      XL: |  1  2  3  4  5  6  7  8  9 10 |
---------------+-------------------------------+-----
Fighting       | 5 9 12 14 16 | 16.7
Armour         | 9 14 | 14.1
Shields        | 8 |  8.1
Maces & Flails | |  0.8
Dodging        | |  2.6
Stealth        | |  3.0

Action                   |  1- 3 |  4- 6 |  7- 9 | 10-12 || total
-------------------------+-------+-------+-------+-------++-------
Melee: Dagger            |     1 |    21 |   123 |   160 ||   305
 Fire: Blowgun           |     5 |     1 |     8 |       ||    14
       Hunting sling     |       |       |     2 |     8 ||    10
Invok: Call Merchant     |       |       |     1 |       ||     1
Evoke: Wand              |       |     1 |     8 |       ||     9
  Use: Scroll            |       |     2 |     2 |     4 ||     8
       Potion            |       |       |     1 |       ||     1
 Stab: Confused          |       |     2 |       |       ||     2
       Distracted        |       |       |       |     1 ||     1
  Eat: Ration            |       |       |     2 |     1 ||     3
Armor: Ring mail         |       |     1 |       |       ||     1
       Plate armour      |       |     6 |    82 |    71 ||   159
Dodge: Dodged            |       |     3 |    11 |    25 ||    39
Block: Buckler           |       |       |    35 |    54 ||    89
